 Dungeon Crawl Stone Soup version 0.31-a0-851-g7ff8af7976 (webtiles) character file.

Game seed: 2963242310487546167

2517 Schnaeble the Basher (level 9, 0/82 HPs)
             Began as a Minotaur Monk on Oct 5, 2023.
             Slain by a bullfrog (5 damage)
             ... on level 9 of the Dungeon.
             The game lasted 00:11:07 (6110 turns).

Schnaeble the Basher (Minotaur Monk)                Turns: 6110, Time: 00:11:09

Health: 0/82       AC:  9    Str: 18    XL:     9   Next: 29%
Magic:  8/8        EV: 12    Int:  7    God:
Gold:   424        SH:  0    Dex: 15    Spells: 8/8 levels left

rFire   . . .        g - +1 whip (venom)
rCold   . . .        d - orb {light}
rNeg    . . .        i - +0 ring mail
rPois   +            (helmet restricted)
rElec   .            D - +0 cloak
rCorr   +            (no gloves)
SInv    .            v - +0 pair of boots
Will    .....        (no amulet) Stlth
                     h - ring of resist corrosion
HPRegen 0.33/turn    t - ring of poison resistance
MPRegen 0.11/turn

%: no passive effects
@: confused, mighty, ambrosia-drunk, glowing
A: horns 2, retaliatory headbutt
a: no special abilities


You were on level 9 of the Dungeon.
You visited 1 branch of the dungeon, and saw 9 of its levels.
You also visited: Ossuary.

You collected 424 gold pieces.

Inventory:

Hand Weapons
 a - a +0 mace
 g - a +1 whip of venom (weapon)
Armour
 b - a +0 robe
 d - an orb of light (worn)
 i - a +0 ring mail (worn)
 v - a +0 pair of boots (worn)
 D - a +0 cloak (worn)
Jewellery
 h - a ring of resist corrosion (left hand)
 o - a ring of magical power
 t - a ring of poison resistance (right hand)
Wands
 A - a wand of flame (14)
 E - a wand of iceblast (8)
Scrolls
 f - 2 scrolls of vulnerability {unknown}
 j - a scroll of fog {unknown}
 l - 3 scrolls of identify
 p - a scroll of teleportation
 q - 3 scrolls of blinking {unknown}
 s - 3 scrolls of silence {unknown}
 u - a scroll of brand weapon {unknown}
 w - a scroll of immolation {unknown}
 y - a scroll of enchant weapon {unknown}
Potions
 c - 2 potions of ambrosia
 e - 3 potions of curing {unknown}
 k - a potion of brilliance {unknown}
 m - 2 potions of mutation {unknown}
 n - 2 potions of magic {unknown}
 r - a potion of berserk rage {unknown}
 z - 2 potions of might
 B - a potion of invisibility {unknown}
 C - a potion of attraction {unknown}
 F - a potion of resistance


   Skills:
 + Level 8.4 Fighting
 + Level 11.5 Maces & Flails
 + Level 6.5 Armour
 - Level 3.2 Dodging
 + Level 1.2 Stealth


You had 8 spell levels left.
You didn't know any spells.
Your spell library contained the following spells:

 Spells                   Type           Power      Damage    Failure   Level
 Blink                    Tloc           0%         N/A       75%         2
 Ozocubu's Armour         Ice            0%         N/A       93%         3
 Manifold Assault         Tloc           0%         N/A       100%        4
 Ozocubu's Refrigeration  Ice            0%         4d7       100%        7


Dungeon Overview and Level Annotations

Branches:
Dungeon (9/15)             Temple (0/1) D:4            Lair (0/5) D:8
Ossuary (visited)
    Orc: D:9-12

Altars:
Fedhas
Gozag
Kikubaaqudgha
Nemelex Xobeh
Sif Muna
Yredelemnul
The Shining One

Annotations:
D:4 2 runed translucent doors, CowFu's ghost, amateur DrMo
D:5 2 transporters
D:7 Joseph
D:8 Maurice


Innate Abilities, Weirdness & Mutations

You have a pair of horns on your head.
You reflexively headbutt those who attack you in melee.


Message History

The water moccasin bites the fungus.
The fungus begins to die.
Something hits the plant.
There is a stone staircase leading down, spattered with blood here.
A nearby fungus withers and dies.
A nearby plant withers and dies.
The bullfrog hits you.
* * * LOW HITPOINT WARNING * * *
The scorpion stings you.
* * * LOW HITPOINT WARNING * * *
The centaur unwields a +0 orcbow.
The centaur hits the fungus.
The fungus begins to die.
The centaur kicks the fungus.
The yak gores the fungus!
The water moccasin bites the fungus.
The fungus is poisoned.
The water moccasin poisons the fungus!
The orc hits the fungus with a +0 club.
The fungus begins to die.
The scorpion stings the plant!
You climb downwards.
Reactivating autopickup.
The killer bee buzzes angrily. x6; The bullfrog croaks.
There is a stone staircase leading up here.
You are confused.
You feel invigorated.
The bullfrog hits you but does no damage.
The scorpion stings you but does no damage.
The bullfrog barely misses you. The killer bee stings you.
* * * LOW HITPOINT WARNING * * *
The scorpion stings you but does no damage.
The killer bee stings you but does no damage.
Unknown command.
Unknown command.
Welcome back, Schnaeble the Minotaur Monk.
Press ? for a list of commands and other information.
You are too confused!
It was a potion of might.
You feel very mighty all of a sudden.
A centaur comes into view.
The killer bee stings you!
* * * LOW HITPOINT WARNING * * *
The killer bee stings you.
* * * LOW HITPOINT WARNING * * *
The bullfrog hits you.
You die...

##+########
.......F..#
.......@y.#
......ysy..#
.......yy..#
......y.....c
..F.......##...
..V.......# ..
..........# .
###########


You could see a vampire, 2 bullfrogs, a centaur (wandering), a scorpion and 6
killer bees.

Vanquished Creatures
  Jeremiah (D:7)
  A hornet (D:7)
  A yak (D:8)
  Menkaure (D:7)
  An acid dragon (D:7)
  2 ice beasts
  3 ogres
  An elf zombie (Ossuary)
  A scorpion (D:6)
  3 wights
  A centaur zombie (Ossuary)
  A human zombie (Ossuary)
  8 orc priests
  4 hounds
  2 jellies (D:5)
  3 orc wizards
  A sleepcap (D:6)
  3 iguanas
  2 mummies (Ossuary)
  3 gnolls (D:7)
  13 adders
  2 ufetubi
  2 adder zombies (Ossuary)
  A worm (D:4)
  3 dart slugs
  16 orcs
  9 endoplasms
  4 giant cockroaches
  7 goblins
  6 hobgoblins
  5 quokkas
  4 ball pythons
  A bat (D:3)
  A frilled lizard (D:2)
  4 goblin zombies (Ossuary)
  6 hobgoblin zombies (Ossuary)
  3 jackal zombies (Ossuary)
  5 kobolds
  11 kobold zombies (Ossuary)
  8 orc zombies (Ossuary)
  8 rats
162 creatures vanquished.

Notes
Turn   | Place    | Note
-------+----------+-------------------------------------------
     0 | D:1      | Schnaeble the Minotaur Monk began the quest for the Orb.
     0 | D:1      | Reached XP level 1. HP: 19/19 MP: 0/0
   165 | D:1      | Reached skill level 4 in Maces & Flails
   165 | D:1      | Reached XP level 2. HP: 25/27 MP: 1/1
   904 | D:2      | Reached XP level 3. HP: 34/34 MP: 2/2
  1239 | D:2      | Found a glowing golden altar of the Shining One.
  1418 | D:3      | Reached skill level 5 in Maces & Flails
  1418 | D:3      | Reached skill level 1 in Armour
  1418 | D:3      | Reached XP level 4. HP: 39/41 MP: 3/3
  1426 | D:3      | Reached skill level 5 in Fighting
  1632 | D:3      | Found a blossoming altar of Fedhas.
  2029 | D:4      | Reached XP level 5. HP: 47/48 MP: 4/4
  2057 | D:4      | Found a runed translucent door.
  2199 | D:4      | Found a runed translucent door.
  2202 | D:4      | Noticed CowFu's ghost (amateur DrMo)
  2214 | D:4      | Found a shimmering blue altar of Sif Muna.
  2316 | D:4      | Found a glowing golden altar of the Shining One.
  2402 | D:4      | Found a staircase to the Ecumenical Temple.
  3107 | D:5      | Entered Level 5 of the Dungeon
  3116 | D:5      | Noticed an ice beast
  3124 | D:5      | Killed an ice beast
  3125 | D:5      | Reached skill level 6 in Maces & Flails
  3125 | D:5      | Reached XP level 6. HP: 42/56 MP: 5/5
  3524 | D:5      | Found an ancient bone altar of Kikubaaqudgha.
  3553 | D:5      | Reached skill level 1 in Stealth
  3553 | D:5      | Reached XP level 7. HP: 62/62 MP: 6/6
  3568 | D:5      | Reached skill level 7 in Maces & Flails
  4022 | D:5      | Found a transporter.
  4060 | D:5      | Found a transporter.
  4101 | D:5      | Found a basalt altar of Yredelemnul.
  4102 | D:5      | Found a sparkling altar of Nemelex Xobeh.
  4210 | D:6      | Found an opulent altar of Gozag.
  4348 | D:6      | Reached skill level 5 in Armour
  4365 | D:6      | Reached skill level 8 in Maces & Flails
  4416 | D:6      | Found a sand-covered staircase.
  4427 | Ossuary  | Entered an ossuary
  4620 | Ossuary  | Reached XP level 8. HP: 63/71 MP: 7/7
  5399 | D:7      | Reached skill level 9 in Maces & Flails
  5573 | D:7      | Reached skill level 10 in Maces & Flails
  5708 | D:7      | Noticed Menkaure
  5716 | D:7      | Killed Menkaure
  5809 | D:7      | Noticed a hornet
  5820 | D:7      | Killed a hornet
  5821 | D:7      | Reached skill level 11 in Maces & Flails
  5821 | D:7      | Reached XP level 9. HP: 60/80 MP: 8/8
  5886 | D:7      | Noticed Jeremiah
  5910 | D:7      | Killed Jeremiah
  6055 | D:7      | Noticed Joseph
  6068 | D:8      | Noticed Maurice
  6080 | D:8      | Noticed a komodo dragon
  6081 | D:8      | Found a staircase to the Lair.
  6110 | D:9      | Slain by a bullfrog

Illustrated notes

Levels and vault maps discovered:
D:1:      minmay_arrival_four_houses, layout_basic
D:2:      layout_rooms, basic_altar, minmay_between
D:3:      layout_loops_ring, fedhas_ov_isle_minmay
D:4:      layout_basic, mainiacjoe_overflow_cross_hatched,
          mainiacjoe_overflow_surrounded_room, temple_hall,
          ebering_ghost_sewer_f
D:5:      gammafunk_cloud_chamber, layout_loops_ring, kiku_gazebo_garden_becter,
          gammafunk_temple_overflow_statue, dk_noncrumbling_4
D:6:      layout_basic, mainiacjoe_overflow_boulevard,
          chequers_ossuary_entry_cave
D:7:      layout_cave_pools, uniq_joseph, uniq_jeremiah, uniq_menkaure
D:8:      layout_basic, mainiacjoe_overflow_alcove_2,
          due_lair_maze_entry_diamond, gammafunk_ghost_wrathful_warriors,
          hangedman_misty_isle, uniq_psyche, uniq_maurice
D:9:      layout_roguey, orc_david_3, nicolae_looking_at_the_future

Skill      XL: |  1  2  3  4  5  6  7  8  9 |
---------------+----------------------------+-----
Maces & Flails | 4 5 6 8 11 | 11.5
Fighting       | 4 5 6 7 8 |  8.4
Armour         | 1 3 4 5 6 |  6.5
Stealth        | 1 |  1.2
Dodging        | |  3.2

Action                     |  1- 3 |  4- 6 |  7- 9 || total
---------------------------+-------+-------+-------++-------
  Melee: Mace              |    10 |       |       ||    10
         Headbutt          |    13 |    25 |    93 ||   131
         Whip              |    50 |   104 |   306 ||   460
    Use: Scroll            |       |       |     4 ||     4
         Potion            |       |       |     4 ||     4
 Armour: Robe              |     8 |       |       ||     8
         Ring mail         |    12 |    43 |   164 ||   219
  Dodge: Dodged            |    26 |    40 |   157 ||   223

Table legend: (Time is in decaauts)
 A = Elapsed time spent in this place.
 B = Non-inter-level travel time spent in this place.
 C = Inter-level travel time spent in this place.
 D = Time resting spent in this place.
 E = Time spent auto-exploring this place.
 F = Levels seen in this place.
 G = Mean time per level.
                   A        B        C        D        E       F      G
               +--------+--------+--------+--------+--------+-----+--------+
         Total |   5980 |   5689 |    291 |      0 |   4663 |  10 |  598.0 |
       Dungeon |   5806 |   5515 |    291 |      0 |   4604 |   9 |  645.1 |
       Ossuary |    173 |    173 |      0 |      0 |     59 |   1 |  173.0 |
               +--------+--------+--------+--------+--------+-----+--------+

Top non-repeatable levels by time:
     D:4: 1145 daAuts
     D:6: 1077 daAuts
     D:5: 1008 daAuts
     D:1: 847 daAuts
     D:3: 660 daAuts
     D:7: 598 daAuts
     D:2: 435 daAuts
 Ossuary: 173 daAuts
     D:8: 32 daAuts
     D:9: 1 daAuts
